 Dungeon Crawl Stone Soup version 0.23-a0-171-g5ae17c6 (webtiles) character file.

17 iamserjio the Skirmisher (level 2, 0/18 HPs)
             Began as a Gargoyle Wanderer on Sept 13, 2018.
             Slain by a gnoll
             ... wielding a +0 flail
              (5 damage)
             ... on level 2 of the Dungeon.
             The game lasted 00:01:29 (716 turns).

iamserjio the Skirmisher (Gargoyle Wanderer)         Turns: 716, Time: 00:01:30

Health: 0/18       AC: 12    Str: 14    XL:     2   Next: 62%
Magic:  5/5        EV:  8    Int: 11    God:
Gold:   75         SH:  0    Dex: 11    Spells: 5/5 levels left

rFire    . . .     SeeInvis .   p - +1 war axe (venom)
rCold    . . .     Gourm    .   (no shield)
rNeg     + . .     Faith    .   a - +2 scale mail
rPois    ∞         Spirit   .   o - +0 hat
rElec    +         Reflect  .   (no cloak)
rCorr    .         Harm     .   (no gloves)
MR       .....                  d - +0 pair of boots
Stlth    ..........             (no amulet)
HPRegen  0.06/turn              (no ring)
MPRegen  0.09/turn              (no ring)

@: no status effects
A: negative energy resistance 1, electricity resistance, unbreathing,
petrification resistance, rot immunity, AC +2
a: no special abilities


You were on level 2 of the Dungeon.
You were not hungry.

You visited 1 branch of the dungeon, and saw 2 of its levels.

You collected 75 gold pieces.

Inventory:

Hand Weapons
 b - a +0 shortbow
 p - a +1 war axe of venom (weapon)
Missiles
 c - 27 arrows
 g - 4 silver tomahawks (quivered)
Armour
 a - a +2 scale mail (worn)
 d - a +0 pair of boots (worn)
 o - a +0 hat (worn)
Jewellery
 h - a +3 ring of evasion {unknown}
 i - a cursed -3 ring of intelligence {unknown}
 l - an uncursed ring of stealth {unknown}
Scrolls
 e - 2 scrolls of teleportation {unknown}
 k - 2 scrolls of blinking {unknown}
 m - a scroll of random uselessness {unknown}
 n - a scroll of remove curse {unknown}
 q - a scroll of fog {unknown}
Comestibles
 f - 3 rations
 j - 8 chunks of flesh


   Skills:
 + Level 2.8 Fighting
 - Level 2.6 Axes
 - Level 1.1 Armour
 - Level 2.0 Spellcasting
   Level 1.0 Charms
   Level 1.7 Evocations


You had 5 spell levels left.
You didn't know any spells.
Your spell library contained the following spells:

 Spells                   Type           Power        Failure   Level  Hunger
 Apportation              Tloc           #.....       77%         1    ##.....
 Gell's Gravitas          Tloc           #.........   98%         3    ####...


Dungeon Overview and Level Annotations

Branches:
Dungeon (2/15)

Altars:


Innate Abilities, Weirdness & Mutations

You are resistant to torment.
Your stone body is resilient. (AC +2)
You are immune to poison.
You resist negative energy. (rN+)
You are resistant to electric shocks. (rElec)
You can survive without breathing.
You are immune to petrification.
You are immune to rotting.


Message History

Firing (i - inventory. (/) - cycle)
c - 28 arrows (quivered)
Aim: a gnoll, wielding a flail You shoot an arrow.
The arrow closely misses the gnoll.
The arrow barely misses the gnoll.
Wield which item (- for none, * to show all)? (? for menu, Esc to quit)
Your +1 war axe of venom begins to drip with poison!
p - a +1 war axe of venom (weapon)
A frilled lizard comes into view.
A dart slug comes into view.
You hit the gnoll.
You closely miss the gnoll. x2; The gnoll hits you with a flail. x2
You barely miss the gnoll.
Your scale mail prevents you from hitting the gnoll.
The gnoll hits you with a flail. x2
Some of the chunks of flesh in your inventory have rotted away.
You are too injured to fight recklessly!
You are too injured to fight recklessly!
You hit the gnoll. You barely miss the gnoll. The gnoll hits you with a flail.
* * * LOW HITPOINT WARNING * * *
The gnoll hits you with a flail.
You die...

#...# #...#
#...# #...#
#...# ###...#
#.....# #.....#
#######.)@###
.....+..ggg.....
...#...#.l....
#.#...#......
#..#### .w...
###.## .....
..#..### ...)
#######.#..(<#
....
#.....#.#..###


You could see 3 gnolls, a dart slug and a frilled lizard.

Vanquished Creatures
  An orc (D:2)
  A bat (D:1)
  2 giant cockroaches (D:1)
  2 goblins (D:1)
  A hobgoblin (D:1)
  4 kobolds
  A quokka (D:2)
  A rat (D:2)
13 creatures vanquished.

Notes
Turn   | Place    | Note
-------+----------+-------------------------------------------
     0 | D:1      | iamserjio the Gargoyle Wanderer began the quest for the
                  | Orb.
     0 | D:1      | iamserjio set off with: a +2 scale mail, a +0 shortbow, 22
                  | arrows, a ration
     0 | D:1      | Reached XP level 1. HP: 12/12 MP: 3/3
   461 | D:1      | Reached XP level 2. HP: 16/17 MP: 5/5
   716 | D:2      | Slain by a gnoll

Vault maps used:
D:1:      minmay_arrival_four_circles, minmay_tetromino_l2
D:2:      marbit_many_paths

Skill      XL: |  1 |
---------------+----+-----
Fighting       | 2 |  2.8
Axes           | |  2.6
Armour         | |  1.1
Spellcasting   | |  2.0
Charms         | |  1.0
Evocations     | |  1.7

Action                   || total
-------------------------++-------
Melee: War axe           ||     4
 Fire: Shortbow          ||    52
Armor: Scale mail        ||    21
Dodge: Dodged            ||     9

Table legend:
 A = Non-vault XP
 B = Vault XP
 C = Vault XP percentage of total XP
 D = Non-vault monster count
 E = Vault monster count
 F = Vault count percentage of total count
                 A         B        C        D         E       F
            +---------+---------+-------+---------+---------+-------
      Total |      23 |       2 |   8.0 |      12 |       1 |   7.7
            +---------+---------+-------+---------+---------+-------
        D:1 |      14 |       2 |  12.5 |       7 |       1 |  12.5
        D:2 |       9 |       0 |   0.0 |       5 |       0 |   0.0
            +---------+---------+-------+---------+---------+-------
